 Dungeon Crawl Stone Soup version 0.27.1 (webtiles) character file.

Game seed: 12677961381435161994

168 Atelerd the Digger (level 5, -3/31 HPs)
             Began as an Octopode Earth Elementalist on Sept 4, 2021.
             Slain by a scorpion (7 damage)
             ... on level 4 of the Dungeon.
             The game lasted 00:01:56 (3561 turns).

Atelerd the Digger (Octopode Earth Elementalist)    Turns: 3561, Time: 00:01:57

Health: -3/31      AC:  1    Str:  8    XL:     5   Next: 48%
Magic:  5/9        EV: 13    Int: 18    God:
Gold:   86         SH:  0    Dex: 12    Spells: 5/10 levels left

rFire    . . .     SeeInvis .   k - +0 short sword
rCold    . . .     Faith    .   (no shield)
rNeg     . . .     Spirit   .   (helmet restricted)
rPois    .         Reflect  .   (no amulet)
rElec    .         Harm     .   (no ring)
rCorr    .         Rampage  .   (no ring)
Will     .....                  (no ring)
Stlth    +++.......             (no ring)
HPRegen  0.10/turn              (no ring)
MPRegen  0.11/turn              (no ring)
                                (no ring)
                                (no ring)

@: no status effects
A: almost no armour, amphibious, 8 rings, camouflage 1, gelatinous body 1,
(nimble swimmer 1), tentacles
a: no special abilities


You were on level 4 of the Dungeon.
You visited 1 branch of the dungeon, and saw 4 of its levels.

You collected 86 gold pieces.

Inventory:

Hand Weapons
 k - a +0 short sword (weapon)
Missiles
 b - 52 stones
Scrolls
 a - 2 scrolls of acquirement {unknown}
 c - 2 scrolls of torment {unknown}
 e - a scroll of magic mapping {unknown}
 f - a scroll of noise {unknown}
 h - 4 scrolls of identify {unknown}
 i - a scroll of vulnerability {unknown}
 j - a scroll of enchant armour {unknown}
 m - a scroll of enchant weapon {unknown}
Potions
 d - a potion of cancellation {unknown}
 g - a potion of haste {unknown}
 l - 2 potions of heal wounds {unknown}
 n - a potion of curing {unknown}


   Skills:
 - Level 2.0 Dodging
 - Level 2.6 Stealth
 + Level 3.3 Spellcasting
 + Level 3.0 Transmutations
 + Level 4.2 Earth Magic


You had 5 spell levels left.
You knew the following spells:

 Your Spells              Type           Power      Damage    Failure   Level
a - Sandblast             Erth           36%        2d10      2%          1
p - Petrify               Tmut/Erth      16%        N/A       34%         4

Your spell library contained the following spells:

 Spells                   Type           Power      Damage    Failure   Level
 Passwall                 Tmut/Erth      13%        N/A       5%          2
 Stone Arrow              Conj/Erth      20%        3d8       21%         3
 Blink                    Tloc           N/A        N/A       24%         2
 Manifold Assault         Tloc           2%         N/A       99%         5
 Storm Form               Tmut/Air       4%         N/A       100%        7


Dungeon Overview and Level Annotations

Branches:
Dungeon (4/15)
 Temple: D:4-7

Altars:

Annotations:
D:2 exclusion: downstairs


Innate Abilities, Weirdness & Mutations

You cannot wear most types of armour.
You are amphibious.
You can wear up to eight rings at the same time.
Your skin changes colour to match your surroundings (Stealth+).
Your rubbery body absorbs attacks. (AC +1, EV +1)
((You are camouflaged near water. (Stealth+)))
You have tentacles for arms and can constrict up to eight enemies at once.


Message History

A scorpion is nearby!
The blast of sand hits the scorpion but does no damage.
The scorpion is almost dead.
The scorpion stings you. The scorpion stings you!
* * * LOW HITPOINT WARNING * * *
You are too injured to fight recklessly!
A scorpion is nearby!
You are too injured to fight recklessly!
You are too injured to fight recklessly!
A scorpion is nearby!
You are too injured to fight recklessly!
You are too injured to fight recklessly!
A scorpion is nearby!
You are too injured to fight recklessly!
You are too injured to fight recklessly!
A scorpion is nearby!
You are too injured to fight recklessly!
A scorpion is nearby!
You are too injured to fight recklessly!
You are too injured to fight recklessly!
A scorpion is nearby!
You are too injured to fight recklessly!
You are too injured to fight recklessly!
A scorpion is nearby!
You are too injured to fight recklessly!
You are too injured to fight recklessly!
A scorpion is nearby!
You are too injured to fight recklessly!
A scorpion is nearby!
You are too injured to fight recklessly!
You are too injured to fight recklessly!
A scorpion is nearby!
You are too injured to fight recklessly!
A scorpion is nearby!
You are too injured to fight recklessly!
A scorpion is nearby!
Unknown command.
Sorry, you're not good enough to have a special ability.
The scorpion stings you!
You die...

#..†..#
#.....#
#.....#
#.....#
#####.....#
#.......###
#.##....#
##.#...#.#
+.....@..#
##.#..s#.#
#.......#
#####.###
#.# #.# #.#
#.#


You could see a scorpion.

Vanquished Creatures
  A scorpion (D:4)
  Jessica (D:2)
  3 adders
  2 worms (D:2)
  2 dart slugs
  4 ball pythons
  2 endoplasms
  5 giant cockroaches
  2 goblins
  4 hobgoblins
  4 quokkas
  4 bats
  7 kobolds
  7 rats
48 creatures vanquished.

Notes
Turn   | Place    | Note
-------+----------+-------------------------------------------
     0 | D:1      | Atelerd the Octopode Earth Elementalist began the quest for
                  | the Orb.
     0 | D:1      | Reached XP level 1. HP: 11/11 MP: 3/3
   599 | D:1      | Reached XP level 2. HP: 17/17 MP: 0/5
  1555 | D:2      | Reached XP level 3. HP: 17/21 MP: 3/6
  1990 | D:2      | Noticed Jessica
  1995 | D:2      | Killed Jessica
  1996 | D:2      | Reached XP level 4. HP: 16/27 MP: 4/8
  2168 | D:2      | Found a faded altar of an unknown god.
  2706 | D:3      | Noticed a sky beast
  2901 | D:2      | Learned a level 4 spell: Petrify
  3000 | D:3      | Reached skill level 4 in Earth Magic
  3171 | D:3      | HP: 1/27 [sky beast (6)]
  3468 | D:4      | Noticed a scorpion
  3477 | D:4      | Killed a scorpion
  3478 | D:4      | Reached XP level 5. HP: 27/31 MP: 1/9
  3561 | D:4      | Slain by a scorpion

Illustrated notes

Levels and vault maps discovered:
D:1:      dpeg_arrival_line_fractal, layout_basic, chequers_serial_rivers_room_a
D:2:      layout_loops_ring, shapermc_ecumenical_altar_mp_highgroup,
          kennysheep_generic_room_2, uniq_jessica
D:3:      cheibrodos_helix_gallery, layout_basic, minmay_misc_feat_alley,
          uniq_crazy_yiuf_cottage
D:4:      layout_loops_corners, grunt_temple_overflow_holy_war,
          vehumet_altar_wand_db, fedhas_altar_decomposition, minivault_25

Skill      XL: |  1  2  3  4 |
---------------+-------------+-----
Transmutations | 2 3 |  3.0
Spellcasting   | 3 |  3.3
Earth Magic    | 4 |  4.2
Dodging        | |  2.0
Stealth        | |  2.6

Action                   |  1- 3 |  4- 6 || total
-------------------------+-------+-------++-------
Melee: Unarmed           |     4 |       ||     4
       Constrict         |    12 |     2 ||    14
       Short sword       |    21 |     9 ||    30
       Tentacles         |     5 |     1 ||     6
 Cast: Sandblast         |    41 |    36 ||    77
 Stab: Sleeping          |     2 |       ||     2
Armor: Skin              |     6 |     1 ||     7
Dodge: Dodged            |    24 |    18 ||    42
